 Dungeon Crawl Stone Soup version 0.30.1-11-g7821555f0a (webtiles) character file.

Game seed: 10512121998354904659

426 bnorton916 the Magician (level 6, -3/32 HPs)
             Began as a Deep Elf Fire Elementalist on Dec 3, 2023.
             Killed by nerve-wracking pain
             ... invoked by an orc priest
              (6 damage)
             ... on level 4 of the Dungeon.
             The game lasted 00:07:47 (6124 turns).

bnorton916 the Magician (DEFE)                      Turns: 6124, Time: 00:07:48

Health: -3/32      AC:  6    Str:  5    XL:     6   Next: 64%
Magic:  9/15       EV: 12    Int: 22    God:
Gold:   129        SH:  0    Dex: 15    Spells: 11/14 levels left

rFire   . . .        (no weapon)
rCold   . . .        (no shield)
rNeg    + . .        a - +0 robe
rPois   .            q - +0 helmet
rElec   .            (no cloak)
rCorr   .            (no gloves)
SInv    .            m - +2 pair of boots {rampage}
Will    .....        d - amulet of regeneration
Stlth   ++           r - ring of positive energy
HPRegen 1.05/turn    (no ring)
MPRegen 0.14/turn

%: rampage
@: lethally poisoned (-3 -> -4)
A: no striking features
a: no special abilities


You were on level 4 of the Dungeon.
You visited 1 branch of the dungeon, and saw 5 of its levels.
You also visited: Sewer.

You collected 129 gold pieces.

Inventory:

Missiles
 i - 2 poisoned darts
 j - 4 javelins
 n - 3 atropa-tipped darts
Armour
 a - a +0 robe (worn)
 m - a +2 pair of boots of rampaging (worn)
 o - a +1 troll leather armour
 q - a +0 helmet (worn)
Magical Staves
 h - a staff of poison
Jewellery
 d - an amulet of regeneration (around neck)
 r - a ring of positive energy (left hand)
Wands
 e - a wand of light (6)
 t - a wand of digging (4)
Scrolls
 g - 2 scrolls of amnesia {unknown}
 k - a scroll of fog {unknown}
 l - 2 scrolls of identify {unknown}
 s - a scroll of vulnerability {unknown}
 v - 2 scrolls of magic mapping {unknown}
 y - a scroll of enchant weapon {unknown}
Potions
 b - a potion of magic
 c - a potion of resistance {unknown}
 f - a potion of haste
 p - a potion of cancellation {unknown}
 u - 2 potions of might {unknown}
 w - a potion of brilliance {unknown}
 x - a potion of mutation {unknown}


   Skills:
 + Level 3.8 Armour
 - Level 2.4 Dodging
 - Level 2.4 Stealth
 - Level 4.7 Spellcasting
 - Level 3.1 Conjurations
 - Level 4.5 Fire Magic


You had 11 spell levels left.
You knew the following spells:

 Your Spells              Type           Power      Damage    Failure   Level
a - Foxfire               Conj/Fire      88%        2x1d8     2%          1
b - Scorch                Fire           50%        2d7       2%          2

Your spell library contained the following spells:

 Spells                   Type           Power      Damage    Failure   Level
 Summon Small Mammal      Summ           20%        N/A       11%         1
 Inner Flame              Hex/Fire       15%        N/A       12%         3
 Volatile Blastmotes      Fire/Tloc      30%        2d12      12%         3
 Cigotuvi's Dreadful Rot  Necr/Pois/Air  10%        N/A       16%         2
 Ensorcelled Hibernation  Hex/Ice        10%        N/A       16%         2
 Flame Wave               Conj/Fire      22%        2d8       22%         4
 Call Canine Familiar     Summ           5%         N/A       30%         3
 Spider Form              Tmut/Pois      5%         N/A       30%         3
 Summon Guardian Golem    Hex/Summ       5%         N/A       30%         3
 Anguish                  Hex/Necr       2%         N/A       71%         4
 Dispel Undead            Necr           5%         3d7       71%         4
 Death Channel            Necr           2%         N/A       100%        6


Dungeon Overview and Level Annotations

Branches:
Dungeon (5/15)              Sewer (visited)
 Temple: D:4-7

Altars:

Annotations:
D:3 Edmund


Message History

The scorpion's fire resistance burns away.
The scorpion stings you.
The orc priest hits you but does no damage.
The scorpion barely misses you. The orc priest misses you.
The scorpion barely misses you.
Casting: Scorch (safe; 2% risk of failure)
Confirm with . or Enter, or press ? or * to list all spells.
Flames lash the orc priest.
The orc priest is heavily wounded.
The orc priest's fire resistance burns away.
The orc priest misses you. The scorpion stings you.
You are poisoned.
The scorpion poisons you!
You feel sick.
The orc priest invokes the aid of Beogh against you.
Beogh smites you! The scorpion closely misses you.
Casting: Scorch (safe; 2% risk of failure)
Confirm with . or Enter, or press ? or * to list all spells.
Flames lash the scorpion.
The scorpion is burned terribly!
The scorpion is almost dead.
You feel sick. The scorpion barely misses you.
The orc priest hits you with a +0 club.
* * * LOW HITPOINT WARNING * * *
You feel sick. The scorpion stings you.
* * * LOW HITPOINT WARNING * * *
The orc priest misses you.
Casting: Scorch (safe; 2% risk of failure)
Confirm with . or Enter, or press ? or * to list all spells.
You conjure some foxfire!
You feel sick.
The orc priest is no longer more vulnerable to fire.
The scorpion stings you but does no damage.
The orc priest barely misses you. The scorpion stings you.
* * * LOW HITPOINT WARNING * * *
You feel sick.
The foxfire hits the scorpion.
The scorpion is burned terribly!
You kill the scorpion!
The foxfire hits the orc priest.
The orc priest is severely wounded.
The orc priest invokes the aid of Beogh against you.
Pain shoots through your body!
You die...

#..#..................#
##...####....###.######
##.## #.#....#.# #.#
#.####.#.#
#.#####.####.#.#
#.#...........)#
#.#.#######..#.# ##
#>#.# #§§#.# .####.#.#
#.@#.# ......#.#
#####†o#.#
..#####.###......#.#
#..................#
..###.......###.####
### ###.##### #.# #.#
#.# #.#######.#
#.........#


You could see an orc priest.

Vanquished Creatures
  Pargi (Sewer)
  A phantom (D:4)
  A scorpion (D:4)
  Terence (D:2)
  An iguana (D:4)
  Robin (D:2)
  6 adders
  2 river rats (D:4)
  4 worms
  A dart slug (D:2)
  9 orcs
  15 ball pythons
  9 bats
  An endoplasm (D:3)
  2 giant cockroaches
  16 goblins
  8 hobgoblins
  6 jackals
  2 quokkas
  11 frilled lizards
  6 kobolds
  8 rats
112 creatures vanquished.

Vanquished Creatures (others)
  403 foxfires
403 creatures vanquished.

Grand Total: 515 creatures vanquished

Notes
Turn   | Place    | Note
-------+----------+-------------------------------------------
     0 | D:1      | bnorton916 the Deep Elf Fire Elementalist began the quest
                  | for the Orb.
     0 | D:1      | Reached XP level 1. HP: 10/10 MP: 6/6
   333 | D:1      | Reached XP level 2. HP: 15/15 MP: 1/8
   808 | D:1      | Learned a level 2 spell: Scorch
  1562 | D:2      | Reached XP level 3. HP: 19/19 MP: 8/10
  1962 | D:2      | Noticed Robin
  2071 | D:2      | Killed Robin
  2336 | D:2      | Reached XP level 4. HP: 24/24 MP: 10/12
  2486 | D:2      | Noticed Terence
  2506 | D:2      | Killed Terence
  3488 | D:3      | Reached XP level 5. HP: 28/28 MP: 11/14
  4275 | D:4      | Reached skill level 1 in Armour
  4328 | D:4      | Found a glowing drain.
  4456 | Sewer    | Entered a sewer
  4607 | Sewer    | Noticed Pargi
  4616 | Sewer    | Killed Pargi
  4617 | Sewer    | Reached XP level 6. HP: 22/32 MP: 10/15
  5168 | D:4      | Noticed Edmund
  5836 | D:5      | Entered Level 5 of the Dungeon
  6124 | D:4      | Killed from afar by an orc priest

Illustrated notes

Levels and vault maps discovered:
D:1:      wander_arrival_peaceful_grave, layout_loops_ring,
          minmay_crystal_water, minmay_pentomino_r2
D:2:      layout_basic, minmay_strange_pillars, uniq_terence, uniq_robin
D:3:      layout_basic
D:4:      layout_loops_ring, portal_sewer_entry_c, minmay_misc_feat_chi,
          uniq_edmund
D:5:      layout_basic, xom_butterflies, minmay_temple_entry_enclosed_plants,
          serial_co_window_serial, co_window_paths_b, co_window_paths_b,
          co_window_corner_a, co_window_of_opportunity_a, co_window_corner_a,
          co_window_paths_c, co_window_2corner, co_window_corner_cb,
          co_window_paths_c, co_window_broadway_b, co_window_corner_cb,
          co_window_of_opportunity_b, glass_columns_a, glass_columns_a,
          glass_columns_b, glass_columns_a, minmay_misc_feat_encased

Skill      XL: |  1  2  3  4  5  6 |
---------------+-------------------+-----
Conjurations   | 2 3 |  3.1
Spellcasting   | 4 |  4.7
Fire Magic     | 4 |  4.5
Armour         | 2 3 |  3.8
Dodging        | |  2.4
Stealth        | |  2.4

Action                     |  1- 3 |  4- 6 || total
---------------------------+-------+-------++-------
   Cast: Foxfire           |    98 |   141 ||   239
         Scorch            |     7 |    26 ||    33
    Use: Potion            |       |     5 ||     5
         Scroll            |       |     5 ||     5
 Armour: Robe              |     7 |    19 ||    26
  Dodge: Dodged            |    23 |    55 ||    78
